[Event "Kvika Banki League Iceland 2022-23"]
[Site "Reykjavik"]
[Date "2022.10.15"]
[Round "4.22"]
[White "Domalchuk-Jonasson, Aleksandr"]
[Black "Halldorsson, Jon Arni"]
[Result "1-0"]
[ECO "D23"]
[WhiteElo "2300"]
[BlackElo "2057"]
[Annotator "TA"]
[PlyCount "122"]
[EventDate "2022.10.13"]
[EventType "team-tourn"]
[EventCountry "ISL"]
[SourceTitle "playchess.com"]
[Source "ChessBase"]
[SourceQuality "1"]
[TimeControl "5400+30"]

1. d4 d5 2. c4 c6 3. Nf3 Nf6 4. Qb3 dxc4 5. Qxc4 Bf5 6. g3 e6 7. Bg2 Be7 8. O-O Nbd7 9. Rd1 {[%emt 0:02:20] D23: Queen's Gambit Accepted: 3 Nf3 Nf6 sidelines.} h6 10. e3 O-O 11. Qe2 {[%emt 0:00:36] The position is equal. 11.Nc3 is vanishing.} Qa5 {[%emt 0:04:17] 11...Bh7 gains popularity.} 12. Bd2 Qb6 13. Nc3 Rfe8 (13... Bc2 $5 ) 14. e4 Bh7 15. Ne1 Qxd4 {[%emt 0:13:08] [#]} 16. Bxh6 $1 Qb6 17. Be3 Qa5 {[%emt 0:01:10] [#]} 18. g4 $146 ({Predecessor:} 18. Nf3 e5 19. Ng5 Bg6 20. h4 Bc5 21. Bd2 Bh5 22. Bf3 Bxf3 23. Qxf3 Qd8 24. Na4 {1-0 (45) Brunello,S (2534)-Halldorsson,J (2163) Reykjavik 2019}) 18... Nf8 ({Better is} 18... Nc5 $14) 19. g5 N6d7 20. h4 e5 21. a3 Qc7 22. Rac1 Bc5 {[%emt 0:07:22] [#]} 23. Bh3 ({White should try} 23. Nd5 $1 $16 Qb8 (23... cxd5 24. Rxd5) 24. Nc3 (24. Bxc5 Nxc5 25. Rxc5 Ne6 $16)) 23... Bxe3 $1 $14 24. Qxe3 Qd8 25. Rd6 (25. Nf3 $16) 25... Qe7 26. Rcd1 Nb6 {[%emt 0:01:27] aiming for ...Nc4.} 27. b3 {[%emt 0:00:48] Against Nc4} Rad8 28. Qd2 Rxd6 29. Qxd6 Qxd6 30. Rxd6 Nc8 31. Rd1 (31. Bxc8 $16 Rxc8 32. Nd3) 31... f6 32. Nf3 Bg6 33. Kg2 Kf7 34. Bg4 {[%emt 0:03:11] And now h5 would win.} Ke7 (34... Ne6 $11) 35. h5 $16 {[%emt 0:01:11] White is much more active. The black rooks are badly placed.} Bf7 36. Nh4 (36. Bxc8 $16 Rxc8 37. g6 (37. gxf6+ Kxf6 38. Rd6+ Ne6 $17)) 36... fxg5 $11 37. Nf5+ Kf6 38. Rd3 $36 {[%emt 0:00:11][%mdl 2048] White has good play.} g6 39. hxg6 Bxg6 40. b4 Bxf5 41. exf5 ({Of course not} 41. Bxf5 Nb6 $15) 41... Ke7 $2 {[%emt 0:05:24][%mdl 8192] [#] Loses the game.} (41... Nh7 $11 {and Black is okay.}) 42. Bh5 $1 $18 Nd7 43. Bxe8 Kxe8 {[%emt 0:00:04][%mdl 4096] Endgame KRN-KNN} 44. Ne4 Ndb6 45. Nxg5 (45. Rh3 $142) 45... Nd5 {[%emt 0:00:50] Strongly threatening ...Nf4+.} 46. Rd1 Nd6 47. Re1 Nxf5 48. Rxe5+ Nfe7 49. Ne4 Kd7 50. Nc5+ Kc7 51. Kg3 b6 52. Nd3 Kd6 53. f4 {[%emt 0:00:35] Hoping for f5.} Nxf4 (53... c5 54. bxc5+ bxc5) 54. Kxf4 {[%emt 0:00:29][%cal Oe5e7] White threatens Rxe7! and mate.} Ng6+ 55. Ke4 {[%emt 0:00:03] White mates.} Nxe5 56. Nxe5 {[%emt 0:00:04] KN-K3P} a5 57. Nc4+ Kc7 58. bxa5 b5 59. Ne5 c5 60. Kd5 b4 61. axb4 cxb4 {[%emt 0:00:04] Weighted Error Value: White=0.15 (very precise) /Black=0.32} 1-0

[Event "Kvika Banki League Iceland 2022-23"]
[Site "Reykjavik"]
[Date "2022.10.15"]
[Round "4.23"]
[White "Finnsson, Johann Arnar"]
[Black "Mai, Alexander Oliver"]
[Result "1/2-1/2"]
[ECO "A11"]
[WhiteElo "1891"]
[BlackElo "2183"]
[Annotator "TA"]
[PlyCount "111"]
[EventDate "2022.10.13"]
[EventType "team-tourn"]
[EventCountry "ISL"]
[SourceTitle "playchess.com"]
[Source "ChessBase"]
[SourceQuality "1"]
[TimeControl "5400+30"]

1. g3 d5 2. Nf3 c6 3. Bg2 Bg4 4. c4 e6 5. h3 Bxf3 6. Bxf3 {[%emt 0:00:06] A11: English Opening: 1...c6.} Nd7 7. cxd5 exd5 8. d3 Ngf6 9. O-O Bd6 10. Nc3 O-O {[%emt 0:00:42] [#]} 11. Re1 $146 ({Predecessor:} 11. e4 dxe4 12. dxe4 Ne5 13. Bg2 Bc5 14. Qe2 Qd3 15. Bg5 Qxe2 16. Nxe2 Nd3 17. Rad1 Rad8 18. Nc3 h6 19. Bxf6 gxf6 {½-½ (62) Mendonca,L (2452)-Sebag,M (2438) Chess.com INT 2020}) 11... d4 12. Ne4 Nxe4 13. Bxe4 Nc5 14. Bg2 Ne6 15. a3 a5 16. Bd2 a4 17. b4 Qd7 18. h4 Nc7 19. Qc2 Nb5 20. Bc1 Kh8 (20... f5 $5 ) 21. e4 dxe3 $1 22. Rxe3 {[%emt 0:00:09] [#]} Bc7 ({Black should try} 22... f5 $1 $17 {aiming for ...Nd4.} 23. f4 Bb8) 23. Bb2 $11 Bb6 24. Re5 (24. d4 $11 {is superior.}) 24... f6 (24... Bd4 $15 25. Re2 Bxb2 26. Qxb2 Rfe8) 25. Re2 $1 Bd4 26. Rae1 Bxb2 (26... Qf7 $5 ) 27. Qxb2 Rae8 {[%emt 0:09:48] Against Re7} 28. Rxe8 Rxe8 29. Rxe8+ Qxe8 {[%emt 0:00:02][%mdl 4096] Endgame KQB-KQN} 30. Be4 Qe5 31. Qc2 ({Don't go for} 31. Qxe5 $2 fxe5 32. Kf1 Nxa3 $19) 31... g6 32. Kg2 Qc3 (32... Nxa3 $2 33. Qxa4 f5 34. Bf3 $18 (34. Qxa3 fxe4 35. Qa8+ Kg7 $18) (34. Qa8+ Kg7 $18)) 33. Qxa4 {[%emt 0:06:17] [#] And now Qa8+ would win.} Qxa3 34. Qxa3 Nxa3 {[%emt 0:00:02] KB-KN} 35. d4 $1 Nb5 36. d5 $1 cxd5 37. Bxd5 b6 38. Kf3 Kg7 39. Ke3 Kf8 40. f4 Nc7 {[%emt 0:01:22] The position is equal.} 41. Bc4 b5 42. Bd3 Nd5+ 43. Kf3 Nxb4 44. Bxb5 Nd5 45. g4 h6 46. g5 Kg7 47. Bc4 Ne7 48. Be6 Nc6 {[%emt 0:00:35] Strongly threatening ...Nd4+.} 49. Bd5 Nd4+ 50. Kg4 Nf5 {[%emt 0:01:11] Hoping for ...Ne3+.} 51. Be6 h5+ 52. Kh3 Nd4 53. Bc4 Nf5 54. Be6 Nd4 55. Bc4 Nf5 56. Be6 {[%emt 0:00:08] Weighted Error Value: White=0.06 (flawless) /Black=0.07 (flawless)} 1/2-1/2

[Event "Kvika Banki League Iceland 2022-23"]
[Site "Reykjavik"]
[Date "2022.10.16"]
[Round "5.1"]
[White "Oleksiyenko, Mykhaylo"]
[Black "Lomasov, Semyon"]
[Result "1-0"]
[ECO "C07"]
[WhiteElo "2592"]
[BlackElo "2541"]
[Annotator "TA"]
[PlyCount "103"]
[EventDate "2022.10.13"]
[EventType "team-tourn"]
[EventCountry "ISL"]
[SourceTitle "playchess.com"]
[Source "ChessBase"]
[SourceQuality "1"]
[TimeControl "5400+30"]

1. e4 e6 2. d4 d5 3. Nd2 c5 4. Ngf3 cxd4 5. Nxd4 Nf6 6. e5 Nfd7 7. N2f3 Nc6 8. Bf4 $1 {[%emt 0:00:05][%mdl 4] outshines the older 8.Nxc6. C07: French Tarrasch: 3...c5, 4 Ngf3 and 4 exd5 Qxd5.} Be7 {[%emt 0:02:18] is the legacy move (8...Qb6).} 9. Bb5 Qb6 10. c3 {[%emt 0:00:10] The position is equal.} a6 11. Ba4 Nc5 {[%emt 0:19:50] [#]} 12. Bb3 $146 ({Predecessor:} 12. Bc2 Qxb2 13. O-O Qb6 14. Nxc6 Qxc6 15. Nd4 Qc7 16. Qg4 g5 17. Bd2 Bd7 18. f4 {½-½ (30) Can,I (2445)-Markidis,K (2259) Kavala 2022}) 12... Bd7 13. O-O Nxd4 14. Nxd4 Bb5 15. Re1 Bd3 16. Ba4+ (16. Bxd5 $5 Bg6 17. Bf3 $11) 16... Nxa4 17. Qxa4+ Kf8 18. Red1 Be4 19. c4 (19. f3 $5 Bg6 20. c4 $11) 19... Rc8 20. Rac1 {[%emt 0:04:56] cxd5 is the strong threat.} dxc4 21. Rxc4 Rxc4 22. Qxc4 {[%emt 0:00:02] White threatens Qc8+ and mate.} Bd5 23. Qc8+ Qd8 24. Qc3 h6 25. Nc2 g5 26. Be3 Kg7 27. Nb4 Qc8 (27... Bxb4 $11 28. Qxb4 Qg8) 28. Nxd5 $14 exd5 29. Rxd5 (29. Qb3 {is more complex.} Rd8 30. h3 Bc5 31. Bxc5 Qxc5 32. Qxb7 Qc2 33. Re1) 29... Qxc3 30. bxc3 {[%emt 0:00:13][%mdl 4096] Endgame KRB-KRB} Rc8 31. Rd7 Kf8 32. Bd4 {[%emt 0:03:26] White is more active.} b5 33. Kf1 b4 34. cxb4 Bxb4 35. g3 Rc2 36. a4 g4 37. Be3 h5 38. e6 fxe6 39. Rh7 Rc4 40. Rxh5 Kf7 41. Ke2 Kg6 42. Rg5+ Kf6 43. Rg8 $1 Kf5 (43... Be7 $16) 44. Kd3 $1 $18 Rc3+ 45. Kd4 e5+ 46. Kd5 Be7 {[%emt 0:00:15] Prevents Rg5+.} 47. Ra8 (47. Re8 $18 Rd3+ 48. Kc4) 47... Rd3+ $16 {[%emt 0:00:39] [#]} 48. Kc6 $1 {[%emt 0:00:42] Threatens to win with a5.} Bg5 $2 (48... Bb4 $16 {is more resistant.} 49. Rxa6 Be1) 49. Rf8+ $18 Bf6 50. Kb7 Ra3 $2 (50... a5 51. Bb6 Ke6 52. Re8+ (52. Bxa5 Rd4 $14) 52... Kf5) 51. Bb6 ({And not} 51. Kxa6 Rxa4+ 52. Kb5 Ra1 $11) 51... Ke6 {[%emt 0:00:32] [#]} 52. a5 $1 {[%emt 0:00:06] Weighted Error Value: White=0.13 (very precise) /Black=0.32} 1-0

[Event "Kvika Banki League Iceland 2022-23"]
[Site "Reykjavik"]
[Date "2022.10.16"]
[Round "5.2"]
[White "Danielsen, Henrik"]
[Black "Kjartansson, Gudmundur"]
[Result "0-1"]
[ECO "D30"]
[WhiteElo "2521"]
[BlackElo "2456"]
[Annotator "TA"]
[PlyCount "50"]
[EventDate "2022.10.13"]
[EventType "team-tourn"]
[EventCountry "ISL"]
[SourceTitle "playchess.com"]
[Source "ChessBase"]
[SourceQuality "1"]
[TimeControl "5400+30"]

1. d4 Nf6 2. Nf3 e6 3. c4 d5 4. Bg5 dxc4 5. Qa4+ Nbd7 6. Nbd2 {[%emt 0:09:47] D30: Queen's Gambit Declined: Systems without Nc3.} (6. e3 $11) 6... a6 $15 7. Qxc4 c5 8. e3 {[%emt 0:11:47] Black has an edge.} b5 9. Qc2 Bb7 10. dxc5 Bxc5 11. Bd3 Rc8 {[%emt 0:00:18] ...Bxf3 is the strong threat.} 12. Qb1 h6 {[%emt 0:00:31] [#]} (12... Bb4 {feels hotter.} 13. Ke2 Nc5 14. Rc1 Ke7) 13. Bxf6 $146 ({Predecessor:} 13. Bh4 O-O 14. O-O Qb6 15. a4 Rfd8 16. Rd1 Be7 17. axb5 axb5 18. Nd4 Nf8 19. Bf1 {½-½ (47) Wojtaszek,R (2696)-Moranda,W (2630) Kruszwica 2022}) 13... Nxf6 ({Reject} 13... gxf6 14. Be4 Bxe4 15. Qxe4 $11) 14. O-O O-O 15. a4 {[%emt 0:01:11] [#]} Qb6 $1 16. axb5 axb5 17. Nb3 {[%emt 0:04:04] [#]} Bxe3 $1 18. fxe3 Qxe3+ 19. Kh1 {[%emt 0:00:02] [#]} Ng4 $1 {[%emt 0:03:07][%cal Bf6g4,Bg4f2,Bf2e4][%mdl 1056] Black has strong compensation.} 20. Bh7+ ({White should play} 20. Nbd2) 20... Kh8 $17 {[%emt 0:00:06] aiming for ...f5. Black is much more active.} 21. Na5 (21. Nbd4 $17 {keeps fighting.}) 21... Ba8 $19 {[%emt 0:03:34] Strongly threatening ...Qf4.} 22. Ra3 $2 (22. Bd3 Rfd8 23. Bxb5 Bxf3 24. Rxf3 (24. gxf3 {leads to mate.} Rd2)) 22... Qb6 {[%emt 0:08:57] And now ...Nf2+ would win.} 23. b4 $2 (23. Bd3 Nf2+ 24. Rxf2 Qxf2 25. Qf1 Qxb2 26. Rb3) 23... Nf2+ 24. Kg1 Ne4+ 25. Kh1 Kxh7 {[%emt 0:00:21] Weighted Error Value: White=0.66/Black=0.30} 0-1

[Event "Kvika Banki League Iceland 2022-23"]
[Site "Reykjavik"]
[Date "2022.10.16"]
[Round "5.3"]
[White "Sulypa, Oleksandr"]
[Black "Ahlander, Bjorn"]
[Result "1/2-1/2"]
[ECO "B90"]
[WhiteElo "2463"]
[BlackElo "2406"]
[Annotator "TA"]
[PlyCount "101"]
[EventDate "2022.10.13"]
[EventType "team-tourn"]
[EventCountry "ISL"]
[SourceTitle "playchess.com"]
[Source "ChessBase"]
[SourceQuality "1"]
[TimeControl "5400+30"]

1. e4 c5 2. Nf3 d6 3. d4 cxd4 4. Nxd4 Nf6 5. Nc3 a6 6. h3 g6 7. g4 Bg7 8. Bg2 O-O {[%emt 0:00:47] B90: Sicilian Najdorf: Unusual White 6th moves, 6 Be3 Ng4 and 6 Be3 e5.} 9. Be3 Nc6 10. Qd2 Bd7 (10... Nd7 $11) 11. O-O-O Rc8 12. Kb1 {[%emt 0:00:14] [#]} Re8 $146 ({Predecessor:} 12... b5 13. g5 b4 14. Nce2 Nh5 15. Bf3 Ne5 16. Bxh5 Nc4 17. Qd3 gxh5 18. Bc1 Bb5 {½-½ (29) Stoyanov,Z (2466)-Yamaliev,V (2470) ICCF email 2014}) 13. f4 Na5 14. b3 {[%emt 0:00:20] Inhibits Nc4.} Nc6 {[%emt 0:00:15] Against e5} (14... e5 $142) 15. Nde2 $1 $16 Qa5 {[%emt 0:10:24] [#]} 16. Na4 $1 Qxd2 17. Rxd2 Be6 18. Nb6 {[%emt 0:25:24] Black must now prevent f5.} Rcd8 19. Ng3 h6 20. c4 Rb8 21. Rhd1 Nh7 (21... Nd7 $16) 22. a3 (22. c5 $18) 22... g5 23. Nf5 f6 24. Nd5 Bf7 25. b4 {[%emt 0:03:03] White has more active pieces.} (25. h4 $142) 25... Bf8 26. Nb6 h5 27. gxh5 Bxh5 28. Rg1 Kh8 29. fxg5 Nxg5 30. Bxg5 fxg5 31. Bh1 Ne5 32. Rxg5 Bf7 33. Rdg2 (33. Rf2 $16 {Rf4 is the strong threat.} e6 34. Ne3) 33... e6 $11 34. Ng7 $132 {[%emt 0:02:37][%mdl 2048] White puts up resistance. Pair of Knights!} Re7 35. c5 Bg6 36. Rxg6 (36. Rxe5 $15 dxe5 37. Rxg6 Rxg7 38. Rxg7 Kxg7 39. Bf3) 36... Nxg6 $19 37. Rxg6 Rxg7 38. Rxg7 Kxg7 39. cxd6 Bxd6 $15 {[%emt 0:00:35][%mdl 4096] Endgame Hoping for ...Rf8. KRB-KBN} 40. e5 Be7 (40... Bxe5 $19 {has better winning chances. Strongly threatening ...Bd4.} 41. Kc2 (41. Nd7 $2 Rd8 $19) 41... Bd4) 41. Ka2 (41. Bf3 $142) 41... Kg6 42. Kb3 (42. Bf3 $17 {was called for.}) 42... Kg5 (42... Kf5 $19 43. Kc2 Rh8) 43. a4 $2 (43. Bf3 $17) 43... Rd8 44. a5 Rd4 45. Nc4 Rd3+ 46. Ka4 (46. Kc2 {was necessary.} Rd7 47. Kb3) 46... Rd4 $2 ({Not} 46... Rxh3 47. Bxb7 Kf4 48. Bxa6 $11) (46... Rd1 $19 47. Bxb7 Rb1) 47. Nd6 $2 (47. Kb3 $11) 47... Kf4 $19 48. Kb3 {[%emt 0:00:22] [#]} Bxd6 $2 ({Inferior is} 48... Kxe5 49. Nc4+ Kf4 50. Bxb7 $17) ({Black should try} 48... Rd3+ $1 $19 49. Ka4 Rd1 50. Bxb7 Rb1 51. Bxa6 Kxe5 52. Nc4+ Kd5) 49. exd6 $11 {[%emt 0:00:06] The position is equal.} e5 {[%emt 0:00:33] ( -> ...e4)} 50. Bxb7 Rxd6 {[%emt 0:00:09] aiming for ...e4.} 51. b5 $1 {[%emt 0:01:29] Weighted Error Value: White=0.36/Black=0.33} 1/2-1/2

[Event "Kvika Banki League Iceland 2022-23"]
[Site "Reykjavik"]
[Date "2022.10.16"]
[Round "5.4"]
[White "Gunnarsson, Arnar"]
[Black "Petursson, Margeir"]
[Result "1/2-1/2"]
[ECO "A36"]
[WhiteElo "2397"]
[BlackElo "2447"]
[Annotator "TA"]
[PlyCount "50"]
[EventDate "2022.10.13"]
[EventType "team-tourn"]
[EventCountry "ISL"]
[SourceTitle "playchess.com"]
[Source "ChessBase"]
[SourceQuality "1"]
[TimeControl "5400+30"]

1. c4 c5 2. Nc3 g6 3. g3 Bg7 4. Bg2 Nc6 5. e3 e6 6. Nge2 Nge7 7. O-O O-O 8. d4 cxd4 9. Nxd4 Nxd4 10. exd4 d5 {[%emt 0:00:18] A36: Symmetrical English vs ...g6: 4 Bg2 Bg7.} 11. cxd5 {[%emt 0:00:32] [#] A rather calm draw.} {Predecessor:} Nxd5 $146 12. Re1 Qb6 13. Bxd5 exd5 14. Nxd5 Qxd4 15. Qxd4 Bxd4 16. Nc7 Rb8 17. Nb5 Bb6 18. Bh6 Rd8 19. Bf4 Ra8 20. Nc7 Bxc7 21. Bxc7 Rf8 22. Bd6 Rd8 23. Bc7 Rf8 24. Bd6 Rd8 25. Bc7 Rf8 {½-½ (25) Cordova,E (2544)-Hernandez Guerrero,G (2564) Chihuahua City 2022} 1/2-1/2

[Event "Kvika Banki League Iceland 2022-23"]
[Site "Reykjavik"]
[Date "2022.10.16"]
[Round "5.5"]
[White "Thorhallsson, Throstur"]
[Black "Hansen, Soren Bech"]
[Result "1/2-1/2"]
[ECO "B33"]
[WhiteElo "2396"]
[BlackElo "2275"]
[Annotator "TA"]
[PlyCount "77"]
[EventDate "2022.10.13"]
[EventType "team-tourn"]
[EventCountry "ISL"]
[SourceTitle "playchess.com"]
[Source "ChessBase"]
[SourceQuality "1"]
[TimeControl "5400+30"]

1. e4 c5 2. Nf3 Nc6 3. d4 cxd4 4. Nxd4 Qb6 5. Nb3 Nf6 6. Nc3 e6 7. Bd3 d6 8. f4 {[%emt 0:04:50] B33: Sicilian: Pelikan and Sveshnikov Variations.} a6 9. Qf3 Qc7 10. O-O {[%emt 0:00:59] White is slightly better.} b5 11. Bd2 Bb7 12. Rae1 Be7 13. Qh3 b4 14. Nd1 {[%emt 0:05:33] [#]} a5 $146 ({Predecessor:} 14... g6 15. Ne3 O-O 16. Rf3 Rfe8 17. Ng4 Nxg4 18. Qxg4 Bf6 19. Rh3 Bxb2 20. f5 exf5 {1-0 (28) Stypka,M (2265)-Adamski,J (2400) Krynica 1988}) 15. c4 a4 16. Nc1 Nd7 17. Ne3 Nc5 18. f5 Bf6 19. b3 Ne5 20. Ng4 Nxg4 ({Don't do} 20... Nexd3 21. Nxf6+ gxf6 22. Nxd3 $14) 21. Qxg4 Qb6 22. Kh1 e5 23. Bc2 h6 24. Be3 (24. Nd3 $5 ) 24... Qc7 25. Bf2 Bc6 26. Nd3 Nxd3 27. Bxd3 axb3 28. axb3 Ra3 29. Bc2 O-O 30. Be3 Kh7 31. Rf3 Rfa8 32. Rd1 Ra1 {[%emt 0:00:39] And now ...Rxd1+ would win.} (32... Ra2 $5 33. Rf2 R8a3 $15) 33. Rff1 Rxd1 (33... R1a2 {is more complex.} 34. Bd3 Qb7 35. h3 R8a5) 34. Qxd1 {[%emt 0:00:31] The position is equal.} Be7 35. h3 Qb7 36. Qd3 Ra2 37. Rd1 Qa8 38. Kh2 Kg8 39. Bb1 {[%emt 0:01:29] Weighted Error Value: White=0.13 (very precise) /Black=0.10 (very precise)} 1/2-1/2

[Event "Kvika Banki League Iceland 2022-23"]
[Site "Reykjavik"]
[Date "2022.10.16"]
[Round "5.6"]
[White "Viglundsson, Bjorgvin"]
[Black "Johannesson, Ingvar Thor"]
[Result "1/2-1/2"]
[ECO "A61"]
[WhiteElo "2205"]
[BlackElo "2319"]
[Annotator "TA"]
[PlyCount "43"]
[EventDate "2022.10.13"]
[EventType "team-tourn"]
[EventCountry "ISL"]
[SourceTitle "playchess.com"]
[Source "ChessBase"]
[SourceQuality "1"]
[TimeControl "5400+30"]

1. d4 Nf6 2. c4 c5 3. d5 e6 4. Nc3 exd5 5. cxd5 d6 6. Nf3 g6 7. h3 Bg7 8. Bf4 O-O 9. e3 a6 10. a4 $1 Qe7 {[%emt 0:00:34] A61: Modern Benoni: Nf3 without early e4.} 11. Be2 Nbd7 12. O-O Ne8 13. a5 Ne5 14. Nd2 f5 15. Bg3 {[%emt 0:09:06] White is more active.} g5 {[%emt 0:26:30] [#] Black got outplayed after the opening.  Weighted Error Value: White=0.02 (flawless) /Black=0.13 (very precise)} {Predecessor:} 16. f4 $146 Ng6 17. Nc4 h6 18. Qd3 Bd7 19. Bh5 Qf6 20. Nb6 Rd8 21. Kh2 Nc7 22. Rf2 {1-0 (37) Decker,N (2034)-Fuchs,D (1865) Wroclaw 2017} 1/2-1/2

[Event "Kvika Banki League Iceland 2022-23"]
[Site "Reykjavik"]
[Date "2022.10.16"]
[Round "5.7"]
[White "Domalchuk-Jonasson, Aleksandr"]
[Black "Einarsson, Arnthor"]
[Result "1-0"]
[ECO "E72"]
[WhiteElo "2300"]
[BlackElo "2173"]
[Annotator "TA"]
[PlyCount "77"]
[EventDate "2022.10.13"]
[EventType "team-tourn"]
[EventCountry "ISL"]
[SourceTitle "playchess.com"]
[Source "ChessBase"]
[SourceQuality "1"]
[TimeControl "5400+30"]

1. d4 Nf6 2. c4 c5 3. d5 e5 4. Nc3 d6 5. e4 g6 6. g3 Bg7 7. Bg2 O-O 8. Nge2 Ne8 9. O-O {[%emt 0:01:29] E72: King's Indian: 4 e4 d6 5 g3.} f5 10. f4 Nd7 11. h3 {[%emt 0:17:01] [#]} ({White should try} 11. exf5 $14 gxf5 12. fxe5 Nxe5 13. b3) 11... a6 $146 ({Predecessor:} 11... Qe7 12. Qc2 Nef6 13. exf5 gxf5 14. Qxf5 Nb6 15. Qd3 e4 16. Nxe4 Bf5 17. N2c3 Rae8 {1-0 (28) Carstensen,J (2305)-Jacobsen,B (2337) Ballerup 2012}) 12. a4 Nef6 13. exf5 gxf5 14. fxe5 Nxe5 15. b3 (15. Nf4 $5 ) 15... Ne4 16. Qc2 Nxc3 17. Nxc3 Qf6 (17... Ng6 $5 ) 18. Bd2 Ng6 19. Rae1 Qd4+ 20. Kh1 Ne5 (20... Rb8 $14) 21. Re3 (21. Ne2 $16 Qd3 22. Qd1) 21... f4 $11 22. gxf4 Rxf4 23. Rg1 (23. Rxf4 $14 Qxf4 24. Qc1) 23... Rf2 (23... Bf5 $5 24. Qc1 (24. Be4 Nf3 $17) 24... Rf2 $15) 24. Ne2 $1 Qh4 25. Be1 Ng4 26. Rf3 {[%emt 0:02:52] [#] Qe4 is the strong threat.} (26. Bxf2 $2 Nxf2+ 27. Kh2 Ng4+ 28. Kh1 Nxe3 $19) 26... Bd7 $1 (26... Be5 $2 27. Qe4 $18 (27. Rf1 Rxf1+ 28. Rxf1 Qh6 $11)) 27. Nf4 $36 {[%emt 0:04:19][%mdl 2048] White has some pressure. Really sharp!} ({Of course not} 27. Bxf2 Nxf2+ 28. Rxf2 Qxf2 $17) 27... Bd4 28. Rf1 Rxf1+ (28... Qxh3+ $2 29. Bxh3 Rxc2 30. Bxg4 Bxg4 31. Rg3 $18) 29. Rxf1 Qh6 {[%emt 0:00:59] [#] Threatens to win with ...Ne3.} 30. Ne6 Ne3 31. Bd2 Kh8 $2 ({Much less strong is} 31... Nxc2 32. Bxh6 Be3 33. Be4 Bxh6 34. Bxc2 $16) (31... Bxe6 $11 32. Bxe3 Qxe3 33. dxe6 Rf8) 32. Bxe3 $18 Qxe3 33. Qf5 (33. Nxd4 $18 {[%cal Of1f7] Black must now prevent Rf7!} Bxh3 34. Ne6 Bxg2+ 35. Qxg2 Qh6+ 36. Qh2 Qxh2+ 37. Kxh2) 33... Qh6 $2 {[%emt 0:01:36][%mdl 8192] Black cannot hold the game after this.} (33... Rg8 $11 {and Black is okay.}) 34. Qf7 {[%emt 0:00:26] White is clearly winning.} Bxe6 35. dxe6 {[%emt 0:00:06][%cal Bd5e6,Be6e7][%mdl 32] Intending e7 and mate.} Qg7 36. e7 Qxf7 37. Rxf7 {[%emt 0:00:04] Threatening mate with Rf8+.} Bg7 {[%emt 0:01:43] Inhibits Rf8+.} 38. Bxb7 Rb8 39. Bc6 {[%emt 0:00:05] Weighted Error Value: White=0.32/Black=0.58} 1-0

[Event "Kvika Banki League Iceland 2022-23"]
[Site "Reykjavik"]
[Date "2022.10.16"]
[Round "5.8"]
[White "Bergthorsson, Jon Thor"]
[Black "Mai, Alexander Oliver"]
[Result "0-1"]
[ECO "E07"]
[WhiteElo "2145"]
[BlackElo "2183"]
[Annotator "TA"]
[PlyCount "74"]
[EventDate "2022.10.13"]
[EventType "team-tourn"]
[EventCountry "ISL"]
[SourceTitle "playchess.com"]
[Source "ChessBase"]
[SourceQuality "1"]
[TimeControl "5400+30"]

1. d4 Nf6 2. c4 e6 3. Nf3 d5 4. g3 Bb4+ 5. Bd2 Be7 6. Bg2 O-O 7. O-O c6 8. Bf4 Nbd7 $1 {[%emt 0:06:03] The main line 8...Nbd7 scores better than 8...b6.} 9. Nc3 {[%emt 0:00:44] 9.Qc2 is not played anymore.} Nh5 {[%emt 0:02:13] was the old line (9...dxc4). E07: Closed Catalan: Main Line (5 Nf3 0-0 6 0-0 Nbd7).} 10. Qd3 Nxf4 11. gxf4 b6 {[%emt 0:01:32] [#] The position is equal.} 12. Kh1 $146 ({Predecessor:} 12. cxd5 exd5 13. Kh1 Nf6 14. Ne5 Qd6 15. Rg1 Rd8 16. Bf3 Bf8 17. Rg3 a5 18. Rag1 {½-½ (64) Motwani,P (2543)-Landa,K (2574) Belgium 2005}) 12... Bb7 13. Rg1 Nf6 14. Ne5 c5 $40 {[%emt 0:01:16][%mdl 128] Black has some attack.} 15. cxd5 Nxd5 16. Nxd5 Bxd5 17. e4 (17. dxc5 $11 Bxc5 18. Qg3 Bxg2+ 19. Qxg2) 17... Bb7 $15 18. d5 f6 19. Ng4 (19. Nc4 $11) 19... f5 (19... exd5 $17 20. exd5 Kh8) 20. exf5 $11 (20. Ne3 fxe4 21. Bxe4 Rxf4 $17) 20... Bxd5 (20... Rxf5 21. Qe3 Kh8 22. dxe6 Bxg2+ 23. Rxg2 $14) (20... exf5 $11 {keeps the balance.} 21. Ne5 Bd6) 21. Qg3 $2 (21. Qh3 $1 $16 {keeps the pressure on.}) 21... Bh4 $17 {[%emt 0:04:16] This bishop pair is nice.} ({Reject} 21... exf5 22. Rad1 (22. Ne3 Bxg2+ 23. Qxg2 Bf6 $17) 22... Bh4 23. Bxd5+ $11) 22. Qh3 exf5 23. Ne3 Bxg2+ 24. Rxg2 Bf6 $1 25. Rd1 Qe8 26. Nxf5 {[%emt 0:00:22] [#]} Kh8 {[%emt 0:01:49] [#]} ({Black should try} 26... Rd8 $1 $17 27. Rdg1 Qc6) 27. Rdg1 (27. Nxg7 $1 $11 Qe2 (27... Bxg7 28. Rxg7) 28. Rdg1) 27... Qd7 {[%emt 0:08:30] Strongly threatening ...Bd4.} 28. Qh5 Qf7 29. Qe2 (29. Qf3 $17 {was necessary.}) 29... g6 ({Inferior is} 29... Qxa2 30. Nxg7 Rg8 31. Qe4 $17) 30. Ng3 (30. Ne3 $142) 30... Qxa2 31. f3 (31. f5 $142 gxf5 32. Nxf5) 31... Rae8 32. Qd2 Bd4 33. Re1 (33. Rf1 $142) 33... Qb3 ({Wrong is} 33... Rxe1+ $2 34. Qxe1 Qb3 35. f5 $19) 34. f5 Rxe1+ {[%emt 0:01:08] Black is clearly winning.} 35. Qxe1 Qxf3 36. h4 (36. fxg6 $142 hxg6 37. h3) 36... gxf5 $19 {[%emt 0:00:48] ...f4 is the strong threat.} 37. Kh2 Rg8 {[%emt 0:00:43] Weighted Error Value: White=0.75/Black=0.23 (precise)} 0-1